 Dungeon Crawl Stone Soup version bcrawl-1.13.2 (webtiles) character file.

Game seed: 1374428035985590232

7184 Revguard the Cleaver (level 10, -5/80 HPs)
             Began as a Demonspawn Archaeologist on Aug 9, 2019.
             Was a Follower of Okawaru.
             Slain by Gastronok (15 damage)
             ... on level 8 of the Dungeon.
             The game lasted 00:23:14 (8388 turns).

Revguard the Cleaver (Demonspawn Archaeologist)     Turns: 8388, Time: 00:23:15

Health: -5/80      AC: 38    Str: 15 (16) XL:     10   Next: 86%
Magic:  8/10       EV:  6    Int: 12 (15) God:    Okawaru [*.....]
Gold:   304        SH:  9    Dex:  9 (11) Spells: 9/9 levels left

rFire    . . .     SeeInvis .   i - +1 hand axe
rCold    . . .     Gourm    .   b - +0 shield
rNeg     . . .     Faith    .   f - +15 Maxwell's patent armour {-Cast -Tele rElec MR+ rCorr}
rPois    .         Spirit   .   c - +1 hat
rElec    +         Reflect  .   (no cloak)
rCorr    +         Harm     .   o - +2 pair of gloves
MR       +....     NoTele   +   d - +1 pair of boots Stlth ..........NoCast +
                                (no amulet)
HPRegen  0.23/turn              (no ring)
MPRegen  0.12/turn              (no ring)

@: heroism
A: claws 2, hooves 2, nightstalker 1, sense surroundings 1, spiny 2
a: Heroism, Renounce Religion


You were on level 8 of the Dungeon.
You worshipped Okawaru.
Okawaru was aware of your devotion.
You were not hungry.

You visited 2 branches of the dungeon, and saw 9 of its levels.
You also visited: Sewer.

You collected 416 gold pieces.
You spent 112 gold pieces at shops.

Inventory:

Hand Weapons
 a - a +0 whip
 i - a +1 hand axe (weapon)
Armour
 b - a +0 shield (worn)
 c - a +1 hat (worn)
 d - a +1 pair of boots (worn)
 f - the +15 Maxwell's patent armour (worn) {-Cast -Tele rElec MR+ rCorr}

   It insulates you from electricity.
   It affects your resistance to hostile enchantments.
   It prevents spellcasting.
   It prevents most forms of teleportation.
   It provides partial protection from all sources of acid and corrosion.
 o - a +2 pair of gloves (worn)
Jewellery
 w - an uncursed ring of fire
Wands
 p - a wand of flame (5)
 y - a wand of paralysis (5)
Scrolls
 h - a scroll of fog
 j - 7 scrolls of remove curse
 k - 4 scrolls of enchant armour
 n - a scroll of teleportation
 r - a scroll of blinking
 u - 3 scrolls of amnesia
 v - a scroll of enchant weapon
 x - 2 scrolls of identify
Potions
 e - a potion of flight
 l - a potion of lignification
 m - a potion of curing
 q - 3 potions of agility
 s - 3 potions of brilliance
 t - 5 potions of might
Comestibles
 g - 13 rations {!d}
 z - 4 chunks of flesh


   Skills:
 + Level 7.7(12.7) Fighting
 + Level 10.2(15.3) Axes
 - Level 1.0(11.5) Maces & Flails
 + Level 9.6(14.6) Armour
 - Level 3.6(8.6) Dodging
 - Level 3.0(8.0) Stealth
 * Level 1.2(6.2) Shields


You had 9 spell levels left.
You didn't know any spells.
Your spell library contained the following spells:

 Spells                   Type           Power        Failure   Level  Hunger
 Beastly Appendage        Tmut           #.....       100%        1    ##.....
 Sticks to Snakes         Tmut           #.......     100%        2    ###....
 Confuse                  Hex            #.......     100%        3    ####...
 Dazzling Spray           Conj/Hex       #.....       100%        3    ####...
 Spider Form              Tmut/Pois      #..          100%        3    ####...
 Ice Form                 Ice/Tmut       #.......     100%        4    #####..
 Petrify                  Tmut/Erth      #.......     100%        4    #####..
 Yara's Violent Unravell  Hex/Tmut       #.........   100%        4    #####..
 Blade Hands              Tmut           #.........   100%        5    ######.
 Metabolic Englaciation   Hex/Ice        #.........   100%        5    ######.
 Mana Rupture             Conj/Hex       #.........   100%        7    #######


Dungeon Overview and Level Annotations

Branches:
Dungeon (8/12)             Temple (1/1) D:7            Lair (0/6) D:7
    Orc (0/1) D:8

Altars:
Ashenzari
Cheibriados
Dithmenos
Elyvilon
Gozag
Hepliaklqana
Lugonu
Makhleb
Okawaru
Qazlal
Ru
Sif Muna
Trog
Uskayaw
Vehumet
Wu Jian
Xom
Yredelemnul
Zin
The Shining One

Shops:
D:4 [   D:5 *!(   D:6 (

Annotations:
D:5 Eustachio
D:8 Gastronok


Innate Abilities, Weirdness & Mutations

You have very sharp fingernails.
You have hoof-like feet.
You are slightly more attuned to the shadows.
You are mostly covered in sharp spines.
You passively map a small area around you.


Message History

The quasit claws you but does no damage.
You block the quasit's attack. You block the crimson imp's attack.
Gastronok bites you.
* * * LOW HITPOINT WARNING * * *
The river rat is struck by your spines.
The river rat bites you but does no damage.
You hit Gastronok.
Gastronok is severely wounded.
You hit the quasit.
You hit the crimson imp but do no damage.
You completely miss the river rat. You block the quasit's attack. x3
The crimson imp is struck by your spines.
The crimson imp hits you but does no damage.
You hit Gastronok.
Gastronok is almost dead.
You closely miss the river rat. You closely miss the crimson imp.
You hit the quasit but do no damage. You block the quasit's attack. x2
The quasit claws you but does no damage.
You block the river rat's attack. Gastronok bites you!
You die...

##### ####...#
.....w.# *
#.5@##########
##5r.........######
** , *
#.....###.........#
,
##...###........#.#
, ##.##
#..##)##.#.# * #.#
#..##.##.#.# #.#
#..##..#.#.# P##
##+## #..###.#.#.#
,..
##...###........#.#


You could see Gastronok, a quasit, a crimson imp and a river rat.

Vanquished Creatures
  Harold (D:8)
  An ugly thing (D:7)
  A hornet (D:7)
  2 hippogriffs
  Sigmund (D:4)
  A basilisk (D:7)
  5 yaks (D:7)
  Grum (D:8)
  2 hungry ghosts
  Duvessa (D:5)
  A water moccasin (D:8)
  4 porcupines (D:7)
  4 orc warriors (D:8)
  2 ice beasts
  A black bear (D:7)
  2 sky beasts
  6 ogres
  2 centaurs
  3 wolves (D:8)
  2 crocodiles (D:7)
  2 big kobolds
  4 bullfrogs
  Dowan (D:5)
  3 killer bees (D:8)
  2 howler monkeys
  An electric eel (D:8)
  A crimson imp (D:7)
  2 bullfrog zombies
  4 hounds
  A centaur zombie (D:7)
  2 jellies
  An orc priest (D:6)
  8 orc wizards
  A gnoll shaman (D:5)
  4 worker ants
  6 gnolls
  3 river rats (Sewer)
  9 adders
  2 shadow imps
  An ooze (D:3)
  2 adder skeletons
  2 adder zombies
  5 worms
  2 dart slugs
  3 leopard geckos
  33 orcs
  7 ball pythons
  5 bats
  2 giant cockroaches
  3 goblins (D:1)
  7 hobgoblins
  15 jackals
  25 kobolds
  5 quokkas
  5 frilled lizards
  A goblin skeleton (D:5)
  A goblin zombie (D:5)
  3 hobgoblin zombies (D:5)
  2 kobold zombies (D:5)
  An orc skeleton (D:5)
  2 quokka skeletons
  31 rats
263 creatures vanquished.

Vanquished Creatures (others)
  A bush (D:7)
  4 fungi (D:7)
  8 plants (D:7)
13 creatures vanquished.

Grand Total: 276 creatures vanquished

Notes
Turn   | Place    | Note
-------+----------+-------------------------------------------
     0 | D:1      | Revguard the Demonspawn Archaeologist began the quest for
                  | the Orb.
     0 | D:1      | Reached XP level 1. HP: 15/15 MP: 1/1
   268 | D:1      | Gained mutation: You have sharp fingernails. [demonic
                  | ancestry]
   268 | D:1      | Reached XP level 2. HP: 21/21 MP: 2/2
   503 | D:1      | Reached skill level 1 in Armour
   903 | D:2      | Reached skill level 1 in Maces & Flails
   920 | D:2      | Gained mutation: You are slightly more attuned to the
                  | shadows. [demonic ancestry]
   920 | D:2      | Reached XP level 3. HP: 16/26 MP: 3/3
  1959 | D:3      | Reached XP level 4. HP: 32/32 MP: 4/4
  1974 | D:3      | Found a glowing drain.
  1996 | Sewer    | Entered a sewer
  2237 | Sewer    | Noticed a big kobold
  2259 | Sewer    | Killed a big kobold
  2259 | Sewer    | Reached skill level 5 in Armour
  2259 | Sewer    | Gained mutation: You are partially covered in sharp spines.
                  | [demonic ancestry]
  2259 | Sewer    | Reached XP level 5. HP: 22/37 MP: 5/5
  2877 | D:3      | Reached skill level 1 in Axes
  2909 | D:3      | Reached XP level 6. HP: 38/43 MP: 6/6
  2987 | D:3      | Found a glowing silver altar of Zin.
  3024 | D:3      | Found a white marble altar of Elyvilon.
  3034 | D:3      | Found a hide-covered altar of Uskayaw.
  3043 | D:3      | Found an ornate altar of the Wu Jian Council.
  3079 | D:3      | Reached skill level 2 in Axes
  3082 | D:3      | Found a radiant altar of Vehumet.
  3333 | D:3      | Found a shattered altar of Ashenzari.
  3904 | D:4      | Noticed an ice beast
  3914 | D:4      | Killed an ice beast
  3938 | D:4      | Gained mutation: You are mostly covered in sharp spines.
                  | [demonic ancestry]
  3938 | D:4      | Reached XP level 7. HP: 46/49 MP: 7/7
  4028 | D:4      | Noticed a fire elemental
  4029 | D:4      | Found a stormy altar of Qazlal.
  4031 | D:4      | Noticed a water elemental
  4033 | D:4      | Noticed an air elemental
  4080 | D:4      | Found Kefugrapt's Armour Shoppe.
  4108 | D:4      | Noticed Sigmund
  4142 | D:4      | Killed Sigmund
  4273 | D:4      | Reached skill level 3 in Axes
  4550 | D:5      | Entered Level 5 of the Dungeon
  4578 | D:5      | Found Naud's Distillery.
  4581 | D:5      | Noticed Dowan
  4581 | D:5      | Noticed Duvessa
  4589 | D:5      | Killed Dowan
  4610 | D:5      | Killed Duvessa
  4610 | D:5      | Reached skill level 4 in Axes
  4610 | D:5      | Gained mutation: You have very sharp fingernails. [demonic
                  | ancestry]
  4610 | D:5      | Reached XP level 8. HP: 52/60 MP: 8/8
  4615 | D:5      | Bought a potion of mutation for 112 gold pieces
  4615 | D:5      | Gained mutation: You tend to lose your temper in combat.
                  | [potion of mutation]
  4615 | D:5      | Gained mutation: You have a pair of small horns on your
                  | head. [potion of mutation]
  4615 | D:5      | Lost mutation: You tend to lose your temper in combat.
                  | [potion of mutation]
  4633 | D:5      | Found Kom Omug's Antique Weapon Emporium.
  4726 | D:5      | Found a basalt altar of Yredelemnul.
  4763 | D:5      | Found a glowing golden altar of the Shining One.
  4893 | D:5      | Found Saclur's Assorted Antiques.
  4937 | D:5      | Found a corrupted altar of Lugonu.
  5038 | D:5      | Noticed Eustachio
  5056 | D:5      | Reached skill level 5 in Axes
  5439 | D:6      | Reached skill level 6 in Axes
  5461 | D:6      | Found Etabeocaff's Weapon Shop.
  5923 | D:6      | Gained mutation: You have large cloven feet. [demonic
                  | ancestry]
  5923 | D:6      | Reached XP level 9. HP: 66/66 MP: 9/9
  5980 | D:6      | Found a hazy altar of Hepliaklqana.
  6149 | D:6      | Lost mutation: You have a pair of small horns on your head.
                  | [potion of mutation]
  6149 | D:6      | Gained mutation: You passively map a small area around you.
                  | [potion of mutation]
  6149 | D:6      | Gained mutation: You have hoof-like feet. [potion of
                  | mutation]
  6227 | D:7      | Reached skill level 7 in Axes
  6470 | D:7      | Reached skill level 5 in Fighting
  6499 | D:7      | Found a staircase to the Lair.
  6501 | D:7      | Reached skill level 8 in Axes
  6693 | D:7      | Reached skill level 9 in Axes
  6693 | D:7      | Reached XP level 10. HP: 76/76 MP: 10/10
  6868 | D:7      | Found a shadowy altar of Dithmenos.
  6922 | D:7      | Noticed a brown ugly thing
  6945 | D:7      | Killed a brown ugly thing
  6987 | D:7      | Found a staircase to the Ecumenical Temple.
  6998 | Temple   | Entered the Ecumenical Temple
  7053 | Temple   | Became a worshipper of Warmaster Okawaru
  7447 | D:8      | Found a staircase to the Orcish Mines.
  7690 | D:8      | Noticed Grum
  7701 | D:8      | Killed Grum
  7826 | D:8      | Noticed Harold
  7846 | D:8      | Killed Harold
  7846 | D:8      | Reached * piety under Okawaru
  7846 | D:8      | Reached skill level 10 in Axes
  7977 | D:8      | Reached skill level 1 in Shields
  8361 | D:8      | Noticed Gastronok
  8388 | D:8      | Slain by Gastronok

Skill      XL: |  1  2  3  4  5  6  7  8  9 10 |
---------------+-------------------------------+-----
Dodging        | 3 |  3.6
Armour         | 1 3 5 6 7 8 9 |  9.6
Maces & Flails | 1 |  1.0
Axes           | 1 2 4 6 9 10 | 10.2
Fighting       | 3 4 6 7 |  7.7
Shields        | 1 |  1.2
Stealth        | |  3.0

Action                   |  1- 3 |  4- 6 |  7- 9 | 10-12 || total
-------------------------+-------+-------+-------+-------++-------
Melee: Hand axe          |   133 |   170 |   296 |   239 ||   838
       Whip              |     8 |       |       |       ||     8
       Headbutt          |       |       |    28 |       ||    28
Invok: Heroism           |       |       |       |     1 ||     1
  Use: Scroll            |     7 |     4 |     2 |       ||    13
       Potion            |     3 |     3 |     4 |     9 ||    19
 Stab: Sleeping          |     1 |     2 |       |       ||     3
       Distracted        |       |     1 |       |       ||     1
       Invisible         |       |       |       |     2 ||     2
  Eat: Chunk             |     3 |     7 |    11 |     5 ||    26
       Ration            |       |       |       |     1 ||     1
Armor: Robe              |    29 |       |       |       ||    29
       Ring mail         |    67 |    56 |       |       ||   123
       Plate armour      |       |    76 |   289 |   181 ||   546
Dodge: Dodged            |   141 |    83 |    82 |    55 ||   361
Block: Shield            |       |       |       |    44 ||    44
